 Dungeon Crawl Stone Soup version 0.24.0-123-gd5b16e6ec5 (webtiles) character file.

Game seed: 18300672437718864446, levelgen mode: deterministic

223 Locuples the Slasher (level 5, -2/47 HPs)
             Began as a Minotaur Fighter on Jan 28, 2020.
             Killed by nerve-wracking pain
             ... invoked by a shadow imp
              (14 damage)
             ... on level 4 of the Dungeon.
             The game lasted 00:05:42 (2432 turns).

Locuples the Slasher (Minotaur Fighter)             Turns: 2432, Time: 00:05:42

Health: -2/47      AC:  7    Str: 21 (22) XL:     5   Next: 66%
Magic:  4/4        EV:  7    Int:  3 (5)  God:
Gold:   206        SH:  9    Dex:  7 (9)  Spells: 4/4 levels left

rFire    . . .     SeeInvis .   a - +0 long sword
rCold    . . .     Gourm    .   c - +0 shield
rNeg     . . .     Faith    .   b - +0 scale mail
rPois    .         Spirit   .   (helmet restricted)
rElec    .         Reflect  .   (no cloak)
rCorr    .         Harm     .   (no gloves)
MR       .....                  (no boots)
Stlth    ..........             (no amulet)
HPRegen  0.15/turn              (no ring)
MPRegen  0.09/turn              (no ring)

@: no status effects
A: retaliatory headbutt, horns 2
a: no special abilities


You were on level 4 of the Dungeon.
You were very hungry.

You visited 1 branch of the dungeon, and saw 4 of its levels.

You collected 206 gold pieces.

Inventory:

Hand Weapons
 a - a +0 long sword (weapon)
Armour
 b - a +0 scale mail (worn)
 c - a +0 shield (worn)
 s - a +0 leather armour of magic resistance
Wands
 q - a wand of iceblast (10)
Scrolls
 g - a scroll of immolation {unknown}
 h - a scroll of blinking {unknown}
 j - 5 scrolls of identify {unknown}
 o - a scroll of magic mapping {unknown}
 p - 2 scrolls of amnesia {unknown}
 t - a scroll of remove curse {unknown}
Potions
 d - a potion of might
 e - 2 potions of agility {unknown}
 i - 2 potions of curing {unknown}
 k - a potion of flight {unknown}
 l - 2 potions of degeneration
 m - a potion of brilliance {unknown}
 n - a potion of mutation {unknown}
 r - a potion of invisibility {unknown}
Comestibles
 f - 7 rations


   Skills:
 + Level 4.6 Fighting
 * Level 5.6 Long Blades
 + Level 5.0 Armour
 - Level 3.6 Shields


You had 4 spell levels left.
You didn't know any spells.
Your spell library was empty.

Dungeon Overview and Level Annotations

Branches:
Dungeon (4/15)
 Temple: D:4-7

Altars:
Sif Muna

Shops:
D:4 %

Annotations:
D:4 1 transporter


Innate Abilities, Weirdness & Mutations

You reflexively headbutt those who attack you in melee.
You have a pair of horns on your head.


Message History

Beogh smites you!
Found 20 gold pieces.
Found a transporter.
Your unstable footing causes you to fumble your attack.
The shadow imp gestures at you. Pain shoots through your body!
The orc priest calls down the wrath of Beogh upon you.
You barely resist. The shadow imp gestures at you.
Pain shoots through your body!
The orc priest suddenly curses, as Orcs often do.
The orc priest mumbles some strange prayers to Beogh against you.
Beogh smites you!
* * * LOW HITPOINT WARNING * * *
The orc priest calls down the wrath of Beogh upon you.
You barely resist.
Found 5 stones.
The orc priest casts a cantrip, but nothing happens.
The shadow imp gestures at you. Pain shoots through your body!
You die...

## ## .. #####.
.####.. ##.....
...(.#
...#########.#
#..#8P$©$P8#.##.
.#..#≈../..≈#...
....####+####.#
<..#.≈.@.≈.#.#
##.#o≈...≈5#.##.
#.#.≈≈≈P≈.#.... #..#
#.#.≈P♣≈≈o#.## #..#
##.#5≈≈≈≈≈5#.#
##..###..#.≈...≈.#.#
#........#.≈...≈.#.#
#...###..####'####.#
#...##...#P.....P#.#


You could see 2 orc priests and 3 shadow imps.

Vanquished Creatures
  An orc priest (D:3)
  An orc wizard (D:3)
  A worker ant (D:2)
  5 adders (D:3)
  4 oozes
  2 worms (D:3)
  2 dart slugs
  7 orcs (D:3)
  2 giant cockroaches
  5 goblins
  4 hobgoblins
  4 jackals (D:1)
  3 quokkas
  10 bats
  4 frilled lizards
  7 kobolds
  5 rats
67 creatures vanquished.

Notes
Turn   | Place    | Note
-------+----------+-------------------------------------------
     0 | D:1      | Locuples the Minotaur Fighter began the quest for the Orb.
     0 | D:1      | Reached XP level 1. HP: 19/19 MP: 0/0
    68 | D:1      | Reached XP level 2. HP: 26/27 MP: 1/1
   858 | D:2      | Reached XP level 3. HP: 33/33 MP: 2/2
  1259 | D:2      | Reached XP level 4. HP: 40/40 MP: 3/3
  1497 | D:3      | Reached skill level 5 in Long Blades
  1497 | D:3      | Reached XP level 5. HP: 12/47 MP: 4/4
  1911 | D:3      | Reached skill level 5 in Armour
  1919 | D:3      | Found a shimmering blue altar of Sif Muna.
  2376 | D:4      | Found Umeosmuq's Food Emporium.
  2410 | D:4      | Found a transporter.
  2425 | D:4      | Found a transporter.
  2432 | D:4      | Killed from afar by a shadow imp

Levels and vault maps discovered:
D:1:      dpeg_arrival_short_road, layout_basic
D:2:      layout_basic, minmay_statues_item, minmay_pentomino_o4
D:3:      layout_basic, lemuel_doored_altar
D:4:      gammafunk_wand_slinger, layout_loops_ring, serial_shops,
          nicolae_shop_trees, first_ration, minmay_misc_feat_more_columns,
          dk_noncrumbling_4

Skill      XL: |  1  2  3  4  5 |
---------------+----------------+-----
Fighting       | 4 |  4.6
Armour         | 4 5 |  5.0
Long Blades    | 3 5 |  5.6
Shields        | |  3.6

Action                   |  1- 3 |  4- 6 || total
-------------------------+-------+-------++-------
Melee: Long sword        |    77 |   119 ||   196
       Headbutt          |    10 |    21 ||    31
  Use: Potion            |       |     2 ||     2
  Eat: Chunk             |     1 |     3 ||     4
Armor: Scale mail        |    51 |    67 ||   118
Dodge: Dodged            |    27 |    42 ||    69
Block: Shield            |    40 |    79 ||   119
       Rpst.: Long sword |     7 |     7 ||    14
